 Dungeon Crawl Stone Soup version 0.31-a0-177-g4aa6249778 (webtiles) character file.

Game seed: 2424118288296031084

74 qw the Shooter (level 4, -7/39 HPs)
             Began as a Naga Hunter on June 18, 2023.
             Killed from afar by Sigmund (14 damage)
             ... with a puff of flame
             ... on level 2 of the Dungeon.
             The game lasted 00:00:22 (1063 turns).

qw the Shooter (Naga Hunter)                        Turns: 1063, Time: 00:00:22

Health: -7/39      AC:  2    Str: 14    XL:     4   Next: 28%
Magic:  4/4        EV:  9    Int:  9    God:
Gold:   67         SH:  0    Dex: 16    Spells: 3/3 levels left

rFire   . . .        Y - +0 shortbow
rCold   . . .        (shield currently unavailable)
rNeg    . . .        c - +0 leather armour
rPois   +            (no helmet)
rElec   .            (no cloak)
rCorr   .            (no gloves)
SInv    +            (no barding)
Will    .....        (no amulet)
Stlth   ++           (no ring)
HPRegen 0.26/turn    (no ring)
MPRegen 0.09/turn

%: no passive effects
@: very slow
A: AC +1, large, see invisible, deformed body, poison resistance, slowness 2,
spit poison 1, naga tail 1
a: Spit Poison


You were on level 2 of the Dungeon.
You visited 1 branch of the dungeon, and saw 2 of its levels.

You collected 67 gold pieces.


Innate Abilities, Weirdness & Mutations

Your serpentine skin is tough. (AC +1)
You have supernaturally acute eyesight. (SInv)
Armour fits poorly on your strangely shaped body.
Your system is resistant to poisons. (rPois)
You cover ground very slowly.
You can spit poison.
You have a snake-like lower body.


   Skills:
 + Level 2.2 Fighting
 - Level 5.0 Ranged Weapons
 - Level 1.5 Dodging
 - Level 1.5 Stealth


You had 3 spell levels left.
You didn't know any spells.
Your spell library was empty.

Inventory:

Hand Weapons
 Y - a +0 shortbow (weapon)
Armour
 c - a +0 leather armour (worn)
Scrolls
 a - 2 scrolls of identify
 b - a scroll of brand weapon {unknown}
Potions
 d - a potion of cancellation {unknown}
 e - a potion of resistance {unknown}
 g - a potion of curing

Dungeon Overview and Level Annotations

Branches:
Dungeon (2/15)

Altars:

Annotations:
D:2 Sigmund


Message History

Aiming: Spit Poison (1% risk of failure)
Press: ? - help, Shift-Dir - straight line, f/p - Sigmund The splash of poison hits Sigmund!
Sigmund is poisoned.
Sigmund is heavily wounded.
Sigmund points at you and mumbles some strange words.
You resist with some effort.
You shoot an arrow. The arrow closely misses Sigmund.
You shoot an arrow. The arrow closely misses Sigmund.
You shoot an arrow. The arrow closely misses Sigmund.
You shoot an arrow. The arrow completely misses Sigmund.
Sigmund hits you but does no damage.
You shoot an arrow. The arrow hits Sigmund.
Sigmund is severely wounded.
You have got your breath back.
Sigmund screams, "Die, monster!"
Sigmund hits you from afar with a +0 scythe.
1058 ||| INVOKING Spit Poison.
Aiming: Spit Poison (1% risk of failure)
Press: ? - help, Shift-Dir - straight line, f/p - Sigmund The splash of poison misses Sigmund.
Sigmund casts a spell at you. The puff of flame hits you.
You shoot an arrow. The arrow barely misses Sigmund.
Sigmund looks more healthy.
Sigmund points at you and mumbles some strange words.
The puff of flame hits you!
You shoot an arrow. The arrow closely misses Sigmund.
Sigmund hits you from afar with a +0 scythe!
1061 ||| READING 3 scrolls labelled BAAM ILLARRA.
As you read the scroll labelled BAAM ILLARRA, it crumbles to dust.
It is a scroll of identify.
Really abort (and waste the scroll)?
You have got your breath back.
Enter note:
Enter note: Sigmund's eyes start glowing with a red light.
Sigmund hits you from afar with a +0 scythe!
Sigmund gestures at you while chanting. The puff of flame hits you!
You die...

#. #.:....777777. #.
##....##.# #.
#.##........# #.
#...........####.
#..........)...#
######........#####.# #
..............# #.#
####.####.##.##...#######.
#.......#@##>#.....##.....
#$..@.............#.####
......#.#.##>#.....##)# #
#.#.. #.#.##.##..<###.####
... #.#.........###.....
#.# #...............#### .
#####...7777.#<..# ##.77
P.7....%.. ##77.7 7#...###


You could see Sigmund.

Vanquished Creatures
  Terence (D:2)
  An adder (D:2)
  A worm (D:2)
  2 dart slugs (D:2)
  4 ball pythons
  6 endoplasms (D:1)
  3 goblins
  2 hobgoblins (D:1)
  3 quokkas
  4 bats
  2 frilled lizards (D:1)
  A kobold (D:1)
  2 rats (D:1)
32 creatures vanquished.

Notes
Turn   | Place    | Note
-------+----------+-------------------------------------------
     0 | D:1      | qw the Naga Hunter began the quest for the Orb.
     0 | D:1      | Reached XP level 1. HP: 19/19 MP: 1/1
     0 | D:1      | 0 ||| qw: Version: 0.3-a-5-g6f28e65
     0 | D:1      | 0 ||| qw: Game counter: 530
     0 | D:1      | 0 ||| qw: Always use a shield: true
     0 | D:1      | 0 ||| qw: God list: Okawaru
     0 | D:1      | 0 ||| qw: Allow faded altars: false
     0 | D:1      | 0 ||| qw: Do Orc after D:15 true
     0 | D:1      | 0 ||| qw: Do second Lair branch before Depths: true
     0 | D:1      | 0 ||| qw: Lair rune preference: random
     0 | D:1      | 0 ||| qw: Plans: Normal
     0 | D:1      | 0 ||| PLANNING D:1-11
    63 | D:1      | 63 ||| INVOKING Spit Poison.
    64 | D:1      | 64 ||| INVOKING Spit Poison.
    89 | D:1      | 89 ||| INVOKING Spit Poison.
   109 | D:1      | 109 ||| INVOKING Spit Poison.
   110 | D:1      | 110 ||| INVOKING Spit Poison.
   163 | D:1      | 163 ||| INVOKING Spit Poison.
   164 | D:1      | Reached skill level 4 in Ranged Weapons
   164 | D:1      | Reached XP level 2. HP: 26/26 MP: 2/2
   191 | D:1      | 191 ||| INVOKING Spit Poison.
   240 | D:1      | 240 ||| INVOKING Spit Poison.
   246 | D:1      | 246 ||| INVOKING Spit Poison.
   291 | D:1      | 291 ||| INVOKING Spit Poison.
   325 | D:1      | 325 ||| INVOKING Spit Poison.
   339 | D:1      | 339 ||| INVOKING Spit Poison.
   399 | D:1      | 399 ||| INVOKING Spit Poison.
   476 | D:1      | 476 ||| INVOKING Spit Poison.
   655 | D:1      | Reached XP level 3. HP: 32/32 MP: 3/3
   662 | D:1      | 662 ||| INVOKING Spit Poison.
   756 | D:1      | 756 ||| DROPPING amulet of magic regeneration.
   757 | D:1      | 757 ||| READING scroll labelled NAOZA ETIXT.
   758 | D:1      | 758 ||| DRINKING 2 red potions.
   759 | D:1      | 759 ||| DRINKING 2 bubbling cyan potions.
   863 | D:1      | 863 ||| DROPPING scroll of butterflies.
   864 | D:1      | 864 ||| DROPPING potion of berserk rage.
   882 | D:2      | 882 ||| INVOKING Spit Poison.
   926 | D:2      | Noticed Terence
   928 | D:2      | 928 ||| INVOKING Spit Poison.
   931 | D:2      | 931 ||| INVOKING Spit Poison.
   934 | D:2      | 934 ||| INVOKING Spit Poison.
   934 | D:2      | Killed Terence
   935 | D:2      | Reached skill level 5 in Ranged Weapons
   935 | D:2      | Reached XP level 4. HP: 31/39 MP: 4/4
   940 | D:2      | 940 ||| INVOKING Spit Poison.
   943 | D:2      | 943 ||| INVOKING Spit Poison.
  1050 | D:2      | Noticed Sigmund
  1052 | D:2      | 1052 ||| INVOKING Spit Poison.
  1058 | D:2      | 1058 ||| INVOKING Spit Poison.
  1061 | D:2      | 1061 ||| READING 3 scrolls labelled BAAM ILLARRA.
  1062 | D:2      | HP: 7/39 [Sigmund/+0 scythe (9)]
  1063 | D:2      | Killed from afar by Sigmund

Levels and vault maps discovered:
D:1:      dpeg_arrival_central, layout_loops_ring, minmay_tree_intersection
D:2:      layout_loops_ring, serial_shops, nicolae_shop_bloodbath_and_beyond,
          nicolae_shop_hallway_plus, nicolae_shop_behind_doors, serial_forest,
          infiniplex_forest_end_3, infiniplex_forest_clump_small,
          infiniplex_forest_lined_2, infiniplex_forest_lined_room_2,
          infiniplex_forest_clump_long, infiniplex_forest_straight_2,
          infiniplex_forest_clump_large, infiniplex_forest_join,
          hangedman_decor_push, uniq_terence, uniq_sigmund

Skill      XL: |  1  2  3 |
---------------+----------+-----
Ranged Weapons | 4 5 |  5.0
Fighting       | |  2.2
Dodging        | |  1.5
Stealth        | |  1.5

Action                     |  1- 3 |  4- 6 || total
---------------------------+-------+-------++-------
   Fire: Shortbow          |    41 |    16 ||    57
Ability: Spit Poison       |    17 |     4 ||    21
    Use: Potion            |     2 |       ||     2
         Scroll            |     1 |     1 ||     2
 Armour: Leather armour    |       |     4 ||     4
  Dodge: Dodged            |     3 |     4 ||     7

Table legend:
 A = Non-vault XP
 B = Vault XP
 C = Vault XP percentage of total XP
 D = Non-vault monster count
 E = Vault monster count
 F = Vault count percentage of total count
                 A         B        C        D         E       F
            +---------+---------+-------+---------+---------+-------
      Total |      70 |      36 |  34.0 |      31 |       1 |   3.1
            +---------+---------+-------+---------+---------+-------
        D:1 |      37 |       0 |   0.0 |      23 |       0 |   0.0
        D:2 |      33 |      36 |  52.2 |       8 |       1 |  11.1
            +---------+---------+-------+---------+---------+-------
